 Dungeon Crawl Stone Soup version 0.27-a0-1301-g128193abf8 (webtiles) character file.

Game seed: 18363524888136346220

134 agentchuck the Ruffian (level 4, -3/45 HPs)
             Began as a Troll Fighter on June 18, 2021.
             Killed from afar by an orc wizard (9 damage)
             ... with a magic dart
             ... on level 3 of the Dungeon.
             The game lasted 00:03:57 (1731 turns).

agentchuck the Ruffian (Troll Fighter)              Turns: 1731, Time: 00:03:58

Health: -3/45      AC:  4    Str: 24    XL:     4   Next: 95%
Magic:  3/3        EV:  8    Int:  4    God:
Gold:   117        SH:  9    Dex: 10    Spells: 3/3 levels left

rFire    . . .     SeeInvis .     - Unarmed
rCold    . . .     Faith    .   b - +0 kite shield
rNeg     . . .     Spirit   .   a - +0 robe
rPois    .         Reflect  .   (helmet restricted)
rElec    .         Harm     .   (no cloak)
rCorr    .         Rampage  .   (gloves unavailable)
Will     .....                  (boots unavailable)
Stlth    +.........             (no amulet)
HPRegen  1.15/turn              (no ring)
MPRegen  0.08/turn              (no ring)

@: mighty
A: large, unfitting armour, claws 3, regeneration 1, shaggy fur 1, tough skin 1
a: no special abilities


You were on level 3 of the Dungeon.
You visited 1 branch of the dungeon, and saw 3 of its levels.

You collected 117 gold pieces.


Innate Abilities, Weirdness & Mutations

You are too large for most types of armour.
You have claws for hands.
Your natural rate of healing is unusually fast.
You are covered in fur. (AC +1)
You have tough skin. (AC +1)


   Skills:
 + Level 3.1 Fighting
 - Level 2.4 Dodging
 + Level 3.1 Shields
 * Level 3.9 Unarmed Combat


You had 3 spell levels left.
You didn't know any spells.
Your spell library contained the following spells:

 Spells                   Type           Power      Damage    Failure   Level
 Magic Dart               Conj           0%         1d3       89%         1
 Searing Ray              Conj           0%         3d3       96%         2
 Dazzling Flash           Conj/Hex       0%         N/A       99%         3
 Fulminant Prism          Conj/Hex       0%         3d6       100%        4
 Iskenderun's Mystic Bla  Conj/Tloc      0%         2d3       100%        4

Inventory:

Missiles
 d - 50 stones (quivered)
Armour
 a - a +0 robe (worn)
 b - a +0 kite shield (worn)
Scrolls
 e - 3 scrolls of identify {unknown}
 f - a scroll of amnesia {unknown}
 g - a scroll of teleportation {unknown}
 i - a scroll of fog {unknown}
Potions
 h - a potion of heal wounds {unknown}

Dungeon Overview and Level Annotations

Branches:
Dungeon (3/15)

Altars:
Elyvilon
Wu Jian

Annotations:
D:3 Jessica

..........####...###
.....#.#.###≈≈...≈≈#
.....#.#.###≈..♣..≈##
.##)##.#.##.........###.#
.........#...♣.⚑.♣.......
..####.###....r.....###..
.......# #.#≈..♣..≈##
.).##### #.#≈≈...≈≈# ...#
###.{@### [..##### #.#o{#
.<.....# .....ro
..............#....
.......##.##..#.....
...##### #. #.#.#.. ....
.. .. ...hS ..... .. P.
..


P.P ....P You could see an adder, 2 orcs, a quokka, a jackal and a neutral
quokka (wandering).


Message History

You hear some strange, mumbled words.
A puff of flame appears from out of thin air!
You block the puff of flame. Something hits you.
The orc hits you but does no damage. Something hits you but does no damage.
You scratch something. The orc barely misses you. You block something's attack.
Jessica casts a spell.
Jessica blinks!
You closely miss the orc. Something hits you. The orc hits you with a +0 whip.
The orc hits you from afar with a +0 trident.
* * * LOW HITPOINT WARNING * * *
Something hits you.
* * * LOW HITPOINT WARNING * * *
You scratch something. You block something's attack.
The orc closely misses you.
The orc hits you from afar with a +0 trident.
* * * LOW HITPOINT WARNING * * *
Something hits you but does no damage. Something hits you.
* * * LOW HITPOINT WARNING * * *
You miss something.
A jackal comes into view.
The orc closely misses you.
The orc hits you from afar with a +0 trident.
* * * LOW HITPOINT WARNING * * *
An adder comes into view.
Something hits you.
* * * LOW HITPOINT WARNING * * *
You hear some strange, mumbled words.
A magic dart appears from out of thin air!
The magic dart hits you!
You die...

Skill      XL: |  1  2  3  4 |
---------------+-------------+-----
Unarmed Combat | 3 |  3.9
Shields        | 3 |  3.1
Fighting       | 3 |  3.1
Dodging        | |  2.4

Action                   |  1- 3 |  4- 6 || total
-------------------------+-------+-------++-------
Melee: Unarmed           |    93 |    28 ||   121
       Whip              |    10 |       ||    10
  Use: Potion            |       |     1 ||     1
Armor: Robe              |    33 |     7 ||    40
Dodge: Dodged            |    30 |     6 ||    36
Block: Kite shield       |    29 |     8 ||    37

Levels and vault maps discovered:
D:1:      beargit_arrival_greenhouse, layout_basic,
          chequers_ecumenical_altar_simple, hangedman_glass_teeth,
          minmay_pentomino_t4
D:2:      layout_rooms, basic_altar
D:3:      layout_loops_cross, elyvilon_altar_4, okawaru_gym_becter,
          grunt_decor_resistance, kennysheep_boxes, uniq_jessica

Notes
Turn   | Place    | Note
-------+----------+-------------------------------------------
     0 | D:1      | agentchuck the Troll Fighter began the quest for the Orb.
     0 | D:1      | Reached XP level 1. HP: 22/22 MP: 0/0
   182 | D:1      | Found a faded altar of an unknown god.
   398 | D:1      | Reached XP level 2. HP: 29/29 MP: 1/1
   975 | D:2      | Reached XP level 3. HP: 36/36 MP: 2/2
  1105 | D:2      | Reached skill level 3 in Unarmed Combat
  1221 | D:2      | Found an ornate altar of the Wu Jian Council.
  1558 | D:3      | Reached XP level 4. HP: 41/44 MP: 0/3
  1644 | D:3      | Reached skill level 3 in Shields
  1670 | D:3      | Reached skill level 3 in Fighting
  1704 | D:3      | Found a white marble altar of Elyvilon.
  1726 | D:3      | Noticed Jessica
  1731 | D:3      | Killed from afar by an orc wizard

Vanquished Creatures
  An orc priest (D:3)
  4 gnolls (D:3)
  An adder (D:2)
  A worm (D:3)
  2 dart slugs
  3 ball pythons
  5 bats
  5 endoplasms
  4 giant cockroaches
  6 goblins
  7 hobgoblins
  A quokka (D:2)
  A frilled lizard (D:1)
  6 kobolds
  4 rats
51 creatures vanquished.

Vanquished Creatures (others)
  37 plants (D:3)
37 creatures vanquished.

Grand Total: 88 creatures vanquished

Table legend: (Time is in decaauts)
 A = Elapsed time spent in this place.
 B = Non-inter-level travel time spent in this place.
 C = Inter-level travel time spent in this place.
 D = Time resting spent in this place.
 E = Time spent auto-exploring this place.
 F = Levels seen in this place.
 G = Mean time per level.
                   A        B        C        D        E       F      G
               +--------+--------+--------+--------+--------+-----+--------+
         Total |   1752 |   1676 |     76 |    175 |   1060 |   3 |  584.0 |
       Dungeon |   1752 |   1676 |     76 |    175 |   1060 |   3 |  584.0 |
               +--------+--------+--------+--------+--------+-----+--------+

Top non-repeatable levels by time:
     D:1: 967 daAuts
     D:2: 540 daAuts
     D:3: 244 daAuts

Table legend:
 A = Non-vault XP
 B = Vault XP
 C = Vault XP percentage of total XP
 D = Non-vault monster count
 E = Vault monster count
 F = Vault count percentage of total count
                 A         B        C        D         E       F
            +---------+---------+-------+---------+---------+-------
      Total |     187 |       5 |   2.6 |      48 |       3 |   5.9
            +---------+---------+-------+---------+---------+-------
        D:1 |      32 |       5 |  13.5 |      19 |       3 |  13.6
        D:2 |      39 |       0 |   0.0 |      15 |       0 |   0.0
        D:3 |     116 |       0 |   0.0 |      14 |       0 |   0.0
            +---------+---------+-------+---------+---------+-------
